AoeStats
← 稳中带皮皮中带稳反手一个还就那个翻皮水的翻

Arena

510129248Analyzed
4v4 RM · 4d ago on Sep 29, 2026· 35m 36s· 8 players
Game mode
Random Map
Map size
Large (8 player)
Population
200
Speed
Normal
Resources
Standard
Victory
Conquest
Starting age
Dark Age
Ending age
Imperial Age
RankedLock teamsTeams togetherTeam positionsShared explorationLock speedFull tech treeHidden civsTurbo modeCheats
Victory
Defeat
🇦🇷 Sicilians · Argentina
1461
+14
🇨🇿 Danes · Czechia
1457
+14
🇪🇸 Persians · Spain
1442
+14
🇨🇳 Franks · China
1545
-19
🇬🇧 Britons · United Kingdom
1411
-14
🇯🇵 Mongols · Japan
1353
-12
🇮🇳 Portuguese · India
1334
-11
elchinaleikazo
6:46 Loom
9:19 Feudal Age
11:12 Town Watch
11:18 Double-Bit Axe
19:13 Wheelbarrow
27:55 Castle Age
26:41 Horse Collar
32:20 Imperial Age
30:15 Scale Mail Armor
30:27 Forging
32:40 Bow Saw
32:47 Gold Mining
32:42 Elite Serjeant
34:14 Chain Mail Armor
34:00 Squires
33:46 Arson
34:56 Iron Casting
35:38 Plate Mail Armor
Rakosnik
10:18 Feudal Age
15:19 Castle Age
14:03 Double-Bit Axe
13:59 Horse Collar
14:57 Loom
18:26 Arson
20:45 Forging
22:16 Squires
23:31 Bow Saw
23:50 Scale Mail Armor
29:17 Imperial Age
27:35 Heavy Plow
29:00 Wheelbarrow
29:09 Chain Mail Armor
30:20 Hand Cart
30:17 Capped Ram
30:39 Elite Jomsviking
33:22 Plate Mail Armor
34:05 Hamask
35:55 Iron Casting
TdB.victor2.01
11:07 Feudal Age
12:27 Horse Collar
15:27 Castle Age
13:42 Double-Bit Axe
14:14 Loom
17:16 Bow Saw
17:55 Heavy Plow
24:17 Wheelbarrow
24:40 Gold Mining
24:41 Stone Mining
26:11 Gold Shaft Mining
29:17 Imperial Age
29:26 Imperial Age
27:42 Scale Barding Armor
27:47 Forging
28:10 Coinage
29:15 Chain Barding Armor
29:05 Cavalier
29:46 Husbandry
29:56 Bloodlines
30:51 Plate Barding Armor
30:52 Iron Casting
30:28 Town Watch
32:39 Banking
31:57 Savar
33:51 Blast Furnace
稳中带皮皮中带稳反手一个还就那个翻皮水的翻
8:48 Feudal Age
10:45 Double-Bit Axe
10:41 Horse Collar
12:30 Loom
16:45 Gold Mining
19:26 Wheelbarrow
20:56 Castle Age
19:25 Scale Barding Armor
20:34 Forging
21:26 Bloodlines
22:54 Chain Barding Armor
27:33 Bow Saw
28:40 Hand Cart
28:34 Heavy Plow
33:42 Imperial Age
30:58 Town Watch
32:28 Gold Shaft Mining
33:03 Town Patrol
33:00 Stone Mining
34:39 Iron Casting
33:52 Cavalier
33:54 Elite Steppe Lancer
nikhdy
9:42 Loom
11:28 Feudal Age
11:52 Man-at-Arms
20:47 Scale Mail Armor
20:58 Forging
Manix
9:53 Feudal Age
11:17 Double-Bit Axe
13:38 Castle Age
12:27 Horse Collar
13:10 Loom
14:04 Wheelbarrow
14:31 Bow Saw
24:04 Loom
24:04 Town Watch
24:35 Heavy Plow
25:23 Fletching
26:14 Bodkin Arrow
28:16 Hand Cart
31:04 Imperial Age
29:50 Ballistics
29:58 Padded Archer Armor
30:09 Masonry
29:55 Murder Holes
30:11 Fortified Wall
30:01 Crossbowman
30:40 Gold Mining
30:40 Stone Mining
31:50 Bracer
32:51 Chemistry
32:25 Architecture
34:36 Arbalester
sada-aki
8:13 Loom
10:51 Feudal Age
11:24 Double-Bit Axe
15:19 Castle Age
16:19 Bow Saw
25:32 Gold Mining
26:50 Fortified Wall
27:39 Ballistics
31:29 Imperial Age
30:42 Wheelbarrow
31:33 Hand Cart
32:35 Drill
31:37 Capped Ram
33:22 Chemistry
32:25 Siege Ram
33:09 Heavy Scorpion
甘城猫猫
10:07 Feudal Age
10:53 Double-Bit Axe
13:50 Castle Age
15:11 Bow Saw
18:25 Wheelbarrow
20:19 Hand Cart
23:02 Loom
23:02 Town Watch
23:54 Fletching
24:54 Loom
25:25 Bodkin Arrow
30:07 Imperial Age
27:58 Scale Barding Armor
28:05 Forging
28:55 Chain Barding Armor
28:45 Gold Mining
31:03 Iron Casting
30:24 Cavalier
31:40 Plate Barding Armor
31:36 Chivalry
32:02 Husbandry
33:03 Blast Furnace
32:39 Paladin
Connection lost

Rejoining the realm…

Still unreachable

The connection could not be restored.

Session expired

The server has moved on; the page needs a fresh start.